 Dungeon Crawl Stone Soup version 0.16-a0-1157-gec61f8e (webtiles) character file.

109995 MackTheKnife the Unseen (level 16, -3/93 HPs)
             Began as a Spriggan Assassin on Oct 7, 2014.
             Was the Champion of Fedhas.
             Killed from afar by an Ice Fiend (19 damage)
             ... with a bolt of cold
             ... in an ice cave on Oct 8, 2014.
             The game lasted 02:35:17 (39104 turns).

MackTheKnife the Unseen (Spriggan Assassin)        Turns: 39104, Time: 02:35:18

Health: -3/93      AC:  8    Str: 12    XL:     16   Next: 6%
Magic:  37/37      EV: 33    Int: 22    God:    Fedhas [******]
Gold:   2023       SH:  0    Dex: 20    Spells: 3 memorised, 24 levels left

rFire  . . .     SeeInvis +     a - +6 dagger (elec)
rCold  + . .     Clarity  .     C - +2 robe {MR+}
rNeg   . . .     SustAb   .     (shield restricted)
rPois  .         Gourm    .     r - +2 hat {Int+3}
rElec  .         Spirit   .     K - +1 cloak "Puezanteur" {Slay+4}
rCorr  .         Warding  .     (gloves unavailable)
rMut   .         Stasis   .     (boots unavailable)
MR     +++..                    z - amulet of regeneration
Stlth  +++++++++.               M - ring of protection from cold
                                S - +2 ring of intelligence

@: mighty, very slightly contaminated, hasted, very quick, extremely resistant
to hostile enchantments, incredibly stealthy
A: unfitting armour, hooves 1, see invisible, herbivore 3, speed 3, robust 1,
slow metabolism 2
a: Evolution, Sunlight, Growth, Reproduction, Rain, Renounce Religion


You were in an ice cave.
You worshipped Fedhas.
Fedhas was exalted by your worship.
You were not hungry.

You visited 6 branches of the dungeon, and saw 30 of its levels.
You also visited: Labyrinth and Ice Cave.

You collected 2935 gold pieces.
You spent 912 gold pieces at shops.


Innate Abilities, Weirdness & Mutations

You are tiny and cannot use many weapons and most armour.
You have supernaturally acute eyesight.
You are a herbivore.
You cover ground extremely quickly.
You need consume almost no food.
You have large cloven feet.
You are robust (+10% HP).


   Skills:
 - Level 10.0 Fighting
 - Level 10.3 Short Blades
 - Level 2.1 Throwing
 - Level 15.3 Dodging
 - Level 19.6 Stealth
 + Level 11.4 Spellcasting
 + Level 11.4 Hexes
 - Level 11.1 Invocations
 - Level 10.0 Evocations


You had 24 spell levels left.
You knew the following spells:

 Your Spells              Type           Power        Failure   Level  Hunger
c - Mephitic Cloud        Conj/Pois/Air  ##......     17%         3    None
j - Invisibility          Hex            ######..     10%         6    #####..
r - Enslavement           Hex            ######..     1%          4    None

Inventory:

Hand weapons
 a - a +6 dagger of electrocution (weapon)
 b - a +4 blowgun
Missiles
 d - 4 needles of confusion
 e - 46 poisoned needles
 H - 3 throwing nets (quivered)
Armour
 r - a +2 hat of intelligence (worn)
 C - a +2 robe of magic resistance (worn)
 K - the +1 cloak "Puezanteur" (worn) {Slay+4}
   (You bought it in a shop on level 4 of the Orcish Mines)

   It affects your accuracy and damage with ranged weapons and melee attacks
   (+4).
 L - a +0 buckler
Magical devices
 f - a wand of fire (0)
 k - a wand of magic darts (37)
 u - a wand of random effects (9)
 I - a wand of cold (0)
 W - a wand of disintegration (5)
 X - a wand of digging (9)
Comestibles
 l - 4 bread rations
 t - 8 fruits {!e}
Scrolls
 m - 15 scrolls of remove curse
 v - 2 scrolls of fear
 D - 2 scrolls of enchant armour
 E - 6 scrolls of identify
Jewellery
 z - an amulet of regeneration (around neck)
 A - an uncursed ring of flight
 G - an uncursed ring of fire
 M - a ring of protection from cold (right hand)
 O - an uncursed ring of protection from magic
 S - a +2 ring of intelligence (left hand)
 T - an uncursed amulet of guardian spirit
Potions
 h - 2 potions of agility
 i - a potion of flight
 o - 2 potions of magic
 p - 4 potions of haste
 q - 7 potions of restore abilities
 R - 2 potions of cancellation
Miscellaneous
 J - a lamp of fire (inert)
 P - a legendary deck of changes {the Shadow}
Rods
 c - a +4 rod of ignition (10/10) {!a}
   (You took it off a minotaur in a labyrinth)

▒▒▒▒#▒▒▒≈≈≈▒▒#·▒▒▒▒▒
▒▒##▒ ≈≈≈▒▒▒▒·▒▒▒
▒▒▒##▒▒ ▒▒··▒
▒▒▒·##▒▒ ▒···▒▒
▒▒▒····▒▒ ▒▒▒···
▒▒···Z1▒▒ ▒▒▒·
▒▒······▒▒▒▒▒ ▒▒
▒········▒££▒▒▒
▒·▒▒······i££/·▒ ·
▒▒▒▒···£££|[·▒
▒·££££[··▒▒
▒▒▒▒▒▒▒▒▒▒


You could see an Ice Fiend and a wolf simulacrum.


Message History

* * * LOW HITPOINT WARNING * * *
Drink which item? (? for menu, Esc to quit)
Okay, then.
Unknown command.
Unknown command.
You puncture the Ice Fiend!
There is a sudden explosion of sparks!
You kick the Ice Fiend!
The Ice Fiend is moderately wounded.
You are engulfed in freezing vapours.
You resist.
* * * LOW HITPOINT WARNING * * *
You slash the Ice Fiend! You kick the Ice Fiend.
The Ice Fiend is heavily wounded.
You are engulfed in freezing vapours.
You resist.
* * * LOW HITPOINT WARNING * * *
Unknown command.
You are engulfed in freezing vapours.
You resist.
* * * LOW HITPOINT WARNING * * *
The Ice Fiend calls on the powers of darkness!
Your body is wracked with pain!
* * * LOW HITPOINT WARNING * * *
Found 2 gold pieces.
Unknown command.
Found 42 gold pieces.
Found 66 gold pieces and a faintly glowing shield.
Found a weird jewelled staff.
Found three items.
The Ice Fiend gestures at you. The bolt of cold hits you! You resist.
You die...
Fedhas appreciates your contribution to the ecosystem.

Action                   |  1- 3 |  4- 6 |  7- 9 | 10-12 | 13-15 | 16-18 || total
-------------------------+-------+-------+-------+-------+-------+-------++-------
Melee: Dagger            |    93 |    82 |   281 |       |  1831 |    41 ||  2328
       Cutlass           |       |       |   165 |  1017 |   950 |       ||  2132
 Fire: Blowgun           |     6 |    41 |    60 |    45 |     9 |       ||   161
 Cast: Invisibility      |       |       |       |       |     3 |       ||     3
       Enslavement       |       |       |       |       |       |     3 ||     3
Invok: Evolution         |       |       |     4 |    27 |    36 |       ||    67
       Sunlight          |       |       |       |       |     1 |       ||     1
 Abil: Evoke Flight      |       |       |       |     2 |       |       ||     2
Evoke: Wand              |       |       |     4 |    78 |    51 |       ||   133
       Rod               |       |       |       |       |    13 |     2 ||    15
       Lamp of fire      |       |       |       |       |     3 |       ||     3
  Use: Scroll            |     5 |     4 |     5 |    12 |    22 |     2 ||    50
       Potion            |     1 |     1 |     2 |    13 |     4 |    11 ||    32
 Stab: Sleeping          |     8 |    14 |    28 |    80 |   118 |       ||   248
       Distracted        |       |     4 |     6 |     9 |    22 |       ||    41
       Confused          |       |       |     4 |    35 |    43 |       ||    82
       Fleeing           |       |       |       |     1 |       |       ||     1
       Paralysed         |       |       |       |     1 |       |       ||     1
       Invisible         |       |       |       |       |     7 |       ||     7
  Eat: Pizza             |       |       |       |     2 |     1 |       ||     3
       Bread ration      |       |       |       |     2 |     4 |     1 ||     7

Vault maps used:
D:1:      scummos_arrival_simple_fountains
D:3:      first_bread, minmay_misc_feat_columns, uniq_crazy_yiuf_cottage,
          uniq_iyjb
D:4:      kennysheep_mini_moat, minmay_temple_entry_statues_fountains,
          dk_noncrumbling_4
D:5:      okawaru_altar_gauntlet_db, grunt_ministairs_9, uniq_edmund
D:6:      uniq_natasha, uniq_pikel, uniq_blork_the_orc
D:7:      wad_woods_stonehenge, nicolae_overflow_hidden_temple
D:8:      lemuel_ice_spiral_2, serial_ice, serial_ice_i, serial_ice_a,
          serial_ice_m, serial_ice_b, serial_ice_h, serial_ice_d, serial_ice_f,
          nrook_mini_vaults
D:9:      kennysheep_town, serial_shops
D:10:     lair_0_dummy, hangedman_fish_farm
D:11:     serial_shops, shop, basic_altar
D:12:     special_room, jmf_multi_god_temple
D:13:     serial_shops, shop, dk_noncrumbling_3, corexii_hall_statues_l,
          kennysheep_crisscross
D:14:     hangedman_vaults_entry_quadrant_bands, minmay_misc_feat_enclosed,
          uniq_roxanne
D:15:     grunt_enter_depths_giant_problem, hangedman_decor_riveting,
          serial_co_window_serial, co_window_of_opportunity_a,
          co_window_of_opportunity_a, co_window_corner_a, co_window_paths_a,
          co_window_paths_b, co_window_2corner, co_window_broadway_b,
          co_window_corner_cb, co_window_corner_cb, co_window_cross_2,
          co_window_corner_b, co_window_4corner_a, glass_columns_a,
          glass_columns_b, glass_columns_a, uniq_maud, uniq_kirke
Temple:   water_room_temple_a_12
Orc:1:    uniq_erolcha
Orc:2:    nicolae_orc_accident_3, nicolae_orc_tapped_out
Orc:3:    nicolae_orc_pool_cavern
Orc:4:    lab_entry_generic, serial_shops, shop, st_orc_mages
Lair:1:   nicolae_quartered_pool_little, serial_bayou_pond_b,
          serial_bayou_shore_b
Lair:3:   grunt_megastairs_4
Lair:4:   minmay_swamp_entry_swarm, serial_bayou_lagoon_b, grunt_megastairs_2
Lair:5:   dummy_snake_entry, uniq_erica
Lair:6:   kennysheep_basilisk_garden
Lair:7:   slime_dummy, uniq_harold, uniq_snorg
Lair:8:   minmay_lair_end_frog_pond
Swamp:1:  portal_ice_cave_entry_imps, hangedman_swamp_cone, uniq_louise
Depths:1: abyss_entry_crystal, hell_entry, fountainhead, sword_in_stone,
          firewood_loft, infiniplex_staircase_pool_lava, uniq_nikola
Lab:      labyrinth_watery
IceCv:    ice_cave_caverns_02

Notes
Turn   | Place    | Note
--------------------------------------------------------------
     0 | D:1      | MackTheKnife, the Spriggan Assassin, began the quest for the Orb.
     0 | D:1      | Reached XP level 1. HP: 10/10 MP: 2/2
    12 | D:1      | Reached skill level 6 in Stealth
   300 | D:1      | Reached XP level 2. HP: 11/14 MP: 4/4
   566 | D:2      | Reached skill level 7 in Stealth
   685 | D:2      | Reached XP level 3. HP: 11/18 MP: 6/6
   900 | D:2      | Reached skill level 8 in Stealth
  1240 | D:2      | Reached XP level 4. HP: 22/22 MP: 8/8
  1450 | D:3      | Reached skill level 9 in Stealth
  2127 | D:3      | Reached XP level 5. HP: 25/25 MP: 10/10
  2159 | D:3      | Noticed Ijyb
  2162 | D:3      | Noticed Crazy Yiuf
  2181 | D:3      | Killed Ijyb
  2191 | D:3      | Killed Crazy Yiuf
  2191 | D:3      | Reached skill level 10 in Stealth
  2598 | D:4      | Found a staircase to the Ecumenical Temple.
  2601 | D:4      | Noticed an ogre
  2608 | D:4      | Killed an ogre
  2608 | D:4      | Reached skill level 11 in Stealth
  2608 | D:4      | Reached XP level 6. HP: 30/30 MP: 12/12
  2616 | Temple   | Entered the Ecumenical Temple
  2641 | Temple   | Became a worshipper of Fedhas Madash
  2691 | D:4      | Noticed an ogre
  2727 | D:4      | Killed an ogre
  2766 | D:4      | Noticed a sky beast
  2793 | D:4      | Killed a sky beast
  2793 | D:4      | Reached skill level 12 in Stealth
  2833 | D:4      | Reached XP level 7. HP: 33/33 MP: 14/14
  2870 | D:4      | Found an ancient bone altar of Kikubaaqudgha.
  3062 | D:4      | Reached skill level 3 in Short Blades
  3377 | D:4      | Reached skill level 13 in Stealth
  3582 | D:5      | Entered Level 5 of the Dungeon
  3642 | D:5      | HP: 3/33 [iguana (15)]
  3965 | D:5      | Found an iron altar of Okawaru.
  3995 | D:5      | Reached skill level 4 in Short Blades
  4423 | D:5      | Noticed Edmund
  4504 | D:5      | Acquired Fedhas' first power
  4547 | D:5      | Killed Edmund
  4547 | D:5      | Reached skill level 5 in Short Blades
  4547 | D:5      | Reached XP level 8. HP: 37/37 MP: 16/16
  4908 | D:5      | Reached skill level 14 in Stealth
  5668 | D:6      | Reached skill level 6 in Short Blades
  5676 | D:6      | Noticed Pikel
  5724 | D:6      | Killed Pikel
  5724 | D:6      | Reached skill level 7 in Short Blades
  5724 | D:6      | Reached skill level 5 in Dodging
  5767 | D:6      | Reached XP level 9. HP: 41/41 MP: 18/18
  5908 | D:6      | Noticed Natasha
  5912 | D:6      | Killed Natasha
  6047 | D:6      | Noticed Natasha
  6049 | D:6      | Killed Natasha
  6295 | D:6      | Noticed Blork the orc
  6300 | D:6      | Killed Blork the orc
  6413 | D:6      | Noticed Natasha
  6424 | D:6      | Killed Natasha
  6570 | D:7      | Reached skill level 6 in Dodging
  6878 | D:7      | Reached skill level 7 in Dodging
  7165 | D:7      | Reached skill level 8 in Dodging
  7249 | D:7      | Found a shadowy altar of Dithmenos.
  7310 | D:7      | Noticed a hill giant
  7347 | D:7      | Killed a hill giant
  7347 | D:7      | Reached skill level 10 in Dodging
  7522 | D:7      | Found a glowing silver altar of Zin.
  7522 | D:7      | Found a bloodstained altar of Trog.
  7523 | D:7      | Found a shadowy altar of Dithmenos.
  7991 | D:7      | Reached skill level 2 in Fighting
  8450 | D:8      | Acquired Fedhas' second power
  8495 | D:8      | Reached skill level 15 in Stealth
  8528 | D:8      | Noticed a hill giant
  8553 | D:8      | Killed a hill giant
  8553 | D:8      | Reached skill level 3 in Fighting
  8553 | D:8      | Reached XP level 10. HP: 35/49 MP: 19/19
  9456 | D:8      | Reached skill level 4 in Fighting
  9742 | D:9      | Reached skill level 16 in Stealth
  9974 | D:9      | Found a stormy altar of Qazlal.
  9981 | D:9      | Found a staircase to the Orcish Mines.
 10253 | D:9      | Reached skill level 5 in Fighting
 10422 | D:9      | Reached skill level 3 in Evocations
 10626 | D:9      | Reached skill level 4 in Evocations
 10634 | D:9      | Noticed a manticore
 10641 | D:9      | Killed a manticore
 10641 | D:9      | Reached skill level 5 in Evocations
 10660 | D:9      | Noticed a manticore
 10672 | D:9      | Reached skill level 6 in Evocations
 10673 | D:9      | Killed a manticore
 10673 | D:9      | Reached skill level 7 in Evocations
 10693 | D:9      | Noticed a manticore
 10747 | D:9      | Killed a manticore
 10747 | D:9      | Reached skill level 8 in Evocations
 10747 | D:9      | Reached XP level 11. HP: 34/56 MP: 27/27
 11157 | D:9      | Reached skill level 9 in Evocations
 11570 | D:9      | Reached skill level 10 in Evocations
 11782 | D:9      | Reached skill level 11 in Dodging
 11825 | D:10     | Entered Level 10 of the Dungeon
 11828 | D:10     | Found a staircase to the Lair.
 11897 | D:10     | Noticed confidenceinterval's ghost (experienced DsBe)
 11986 | D:10     | Killed confidenceinterval's ghost
 11986 | D:10     | Reached skill level 17 in Stealth
 12329 | D:10     | Reached skill level 12 in Dodging
 12390 | D:10     | Noticed a hill giant
 12407 | D:10     | Killed a hill giant
 12639 | Lair:1   | Entered Level 1 of the Lair of Beasts
 13101 | Lair:1   | Reached skill level 6 in Fighting
 13660 | Lair:1   | Acquired Fedhas' third power
 13929 | Lair:2   | Reached skill level 7 in Fighting
 14513 | Lair:2   | Reached XP level 12. HP: 63/63 MP: 29/29
 15028 | Lair:2   | Reached skill level 8 in Fighting
 15339 | Lair:3   | Reached skill level 8 in Short Blades
 15585 | Lair:3   | Reached skill level 13 in Dodging
 16456 | Lair:4   | Reached skill level 9 in Short Blades
 16585 | Lair:4   | Reached skill level 18 in Stealth
 16851 | Lair:4   | Gained mutation: You have large cloven feet. [potion of mutation]
 16851 | Lair:4   | Gained mutation: You are robust (+10% HP). [potion of mutation]
 16989 | Lair:4   | Acquired Fedhas' fourth power
 17107 | Lair:4   | Found a staircase to the Swamp.
 17514 | Lair:5   | Noticed Erica
 17535 | Lair:5   | Killed Erica
 17535 | Lair:5   | Reached skill level 10 in Short Blades
 17740 | Lair:5   | Found a staircase to the Snake Pit.
 18058 | Lair:5   | Reached skill level 1 in Invocations
 18146 | Lair:5   | Noticed an eight-headed hydra
 18149 | Lair:5   | Killed a nine-headed hydra
 18149 | Lair:5   | Reached skill level 2 in Invocations
 18260 | Lair:5   | Reached skill level 3 in Invocations
 18579 | Lair:5   | Noticed an eight-headed hydra
 18581 | Lair:5   | Noticed an eight-headed hydra
 18592 | Lair:5   | Killed a nine-headed hydra
 18592 | Lair:5   | Reached skill level 4 in Invocations
 18592 | Lair:5   | Reached XP level 13. HP: 74/74 MP: 30/30
 18599 | Lair:5   | Killed a nine-headed hydra
 18660 | Lair:5   | Reached skill level 5 in Invocations
 19139 | Lair:6   | Reached skill level 6 in Invocations
 19449 | Lair:6   | Reached skill level 7 in Invocations
 19922 | Lair:7   | Reached skill level 8 in Invocations
 20423 | Lair:7   | Reached skill level 9 in Invocations
 20735 | Lair:7   | Found a staircase to the Slime Pits.
 20814 | Lair:7   | Noticed Snorg
 20818 | Lair:7   | Killed Snorg
 20948 | Lair:7   | Reached skill level 10 in Invocations
 21002 | Lair:7   | Noticed Harold
 21025 | Lair:7   | Killed Harold
 21625 | Lair:8   | Entered Level 8 of the Lair of Beasts
 21795 | Lair:8   | Reached skill level 11 in Invocations
 22469 | Lair:8   | Reached XP level 14. HP: 45/81 MP: 25/32
 22901 | Lair:8   | Reached skill level 9 in Fighting
 23925 | Orc:1    | Entered Level 1 of the Orcish Mines
 23930 | Orc:1    | Noticed Erolcha
 24994 | Orc:1    | Reached skill level 10 in Fighting
 25619 | Orc:1    | Acquired Fedhas' fifth power
 26142 | Orc:3    | Found a staircase to the Elven Halls.
 26587 | Orc:3    | Reached skill level 19 in Stealth
 26729 | Orc:4    | Entered Level 4 of the Orcish Mines
 26734 | Orc:4    | Noticed an orc warlord
 26737 | Orc:4    | Found Doladuepn's Magic Scroll Shop.
 26770 | Orc:4    | Found a labyrinth entrance.
 26780 | Lab      | Entered a labyrinth
 28639 | Lab      | Reached skill level 14 in Dodging
 28642 | Lab      | Identified a +4 rod of ignition (10/10) (You took it off a minotaur in a labyrinth)
 29103 | Orc:4    | Killed an orc warlord
 29631 | Orc:4    | Bought a scroll of magic mapping for 42 gold pieces
 30337 | Orc:4    | Reached skill level 15 in Dodging
 30455 | Orc:4    | Found Wuacur's Antique Armour Emporium.
 30455 | Orc:4    | Found Runuaf's General Store.
 30455 | Orc:4    | Found Anaaf's Antique Weapon Emporium.
 30458 | Orc:4    | Found Weaqex's General Store.
 30474 | Orc:4    | Bought the cursed +1 cloak "Puezanteur" {Slay+4} for 363 gold pieces
 30508 | Orc:4    | Bought a runed hat for 132 gold pieces
 30912 | Lair:2   | Learned a level 6 spell: Invisibility
 31014 | D:11     | Reached skill level 1 in Spellcasting
 31017 | D:11     | Reached skill level 1 in Hexes
 31112 | D:11     | Reached skill level 2 in Spellcasting
 31189 | D:11     | Found a shadowy altar of Dithmenos.
 31236 | D:11     | Reached skill level 2 in Hexes
 31323 | D:11     | Reached skill level 3 in Spellcasting
 31382 | D:11     | Found Shebleci's Antique Armour Shoppe.
 31779 | D:12     | Reached skill level 3 in Hexes
 31916 | D:12     | Reached skill level 4 in Spellcasting
 32159 | D:12     | Found a blossoming altar of Fedhas.
 32160 | D:12     | Noticed a frost giant
 32176 | D:12     | Killed a frost giant
 32176 | D:12     | Reached skill level 4 in Hexes
 32195 | D:12     | Reached skill level 5 in Spellcasting
 32196 | D:12     | Found a snail-covered altar of Cheibriados.
 32385 | D:12     | Reached skill level 5 in Hexes
 32401 | D:12     | Found a roughly hewn altar of Beogh.
 32457 | D:12     | Reached XP level 15. HP: 45/88 MP: 18/33
 32939 | D:13     | Reached skill level 6 in Spellcasting
 33124 | D:13     | Reached skill level 6 in Hexes
 33344 | D:13     | Found Antaoj's Jewellery Shoppe.
 33350 | D:13     | Bought an uncursed ring of protection from magic for 375 gold pieces
 33604 | D:13     | Reached skill level 7 in Spellcasting
 33620 | D:13     | Reached skill level 7 in Hexes
 33985 | D:14     | Noticed Roxanne
 34048 | D:14     | Reached skill level 8 in Spellcasting
 34054 | D:14     | Reached skill level 8 in Hexes
 34847 | D:14     | Reached skill level 9 in Spellcasting
 34848 | D:14     | Found a gate to the Vaults.
 34858 | D:14     | Reached skill level 9 in Hexes
 34891 | D:14     | Learned a level 3 spell: Mephitic Cloud
 35086 | D:15     | Entered Level 15 of the Dungeon
 35116 | D:15     | Found a staircase to the Depths.
 35216 | D:15     | Learned a level 4 spell: Enslavement
 35455 | D:15     | Noticed Maud
 35516 | D:15     | Killed Maud
 35738 | D:15     | Reached skill level 10 in Spellcasting
 35853 | D:15     | Reached skill level 10 in Hexes
 36759 | D:15     | Noticed Kirke
 36773 | D:15     | Killed Kirke
 36790 | Depths:1 | Entered Level 1 of the Depths
 36790 | Depths:1 | Noticed Nikola
 37121 | Lair:2   | Upgraded the game from 0.16-a0-1132-gad589c6 to 0.16-a0-1157-gec61f8e
 37185 | Swamp:1  | Entered Level 1 of the Swamp
 37205 | Swamp:1  | Noticed Louise
 37251 | Swamp:1  | Killed Louise
 37281 | Swamp:1  | Found a frozen archway.
 37348 | IceCv    | Entered an ice cave
 37700 | IceCv    | Reached skill level 11 in Spellcasting
 37931 | IceCv    | Reached skill level 11 in Hexes
 38318 | IceCv    | Reached XP level 16. HP: 61/93 MP: 32/37
 38562 | IceCv    | Noticed an Ice Fiend
 39104 | IceCv    | Killed from afar by an Ice Fiend

Vanquished Creatures
  Kirke (D:15)
  A frost giant (D:12)
  A fire giant (D:15)
  Maud (D:15)
  An orc warlord (Orc:4)
  Louise (Swamp:1)
  Snorg (Lair:7)
  A minotaur (Lab)
  A fire dragon (D:15)
  Harold (Lair:7)
  10 hydras
  Erica (Lair:5)
  3 centaur warriors
  4 death yaks
  The ghost of confidenceinterval the Protected, an experienced DsBe of Trog (D:10)
  A catoblepas (D:13)
  3 orc high priests (Orc:4)
  A skeletal warrior (D:14)
  5 ice devils
  4 orc knights
  2 unseen horrors
  6 hill giants
  A lindwurm (Lair:7)
  An ice statue (IceCv)
  Pikel (D:6)
  A phantasmal warrior (D:12)
  12 ugly things
  5 orc sorcerers
  2 cyclopes
  3 manticores (D:9)
  18 spiny frogs
  3 elephants
  A gargoyle (D:14)
  A torpor snail (Lair:6)
  5 black mambas
  A kobold demonologist (D:15)
  A queen bee (Lair:7)
  5 anaconda simulacra (IceCv)
  4 yaktaurs (D:14)
  A fire drake (Lair:4)
  4 komodo dragons
  An efreet (D:14)
  A deep elf priest (Orc:3)
  2 merfolk
  A golden dragon simulacrum (IceCv)
  A hydra zombie (D:15)
  8 trolls
  3 polar bears
  4 ravens
  2 wolf spider simulacra (IceCv)
  3 boulder beetles
  2 freezing wraiths
  A bog body (Swamp:1)
  4 basilisks
  4 two-headed ogres
  11 blink frogs
  A griffon zombie (D:12)
  A trapdoor spider (D:14)
  5 slime creatures
  44 yaks
  A water elemental (D:12)
  2 wraiths
  A griffon skeleton (D:14)
  2 shadows
  5 wyverns
  6 vampire mosquitoes
  5 deep elf magi
  A vampire (D:15)
  5 hogs
  A dire elephant simulacrum (IceCv)
  A steam dragon (D:11)
  2 hungry ghosts
  4 hill giant skeletons
  A deep elf fighter (D:15)
  15 hippogriffs
  2 soldier ants
  A swamp worm (Swamp:1)
  3 mottled dragons
  A death yak simulacrum (IceCv)
  Edmund (D:5)
  2 human skeletons
  8 porcupines
  5 ice beasts
  15 water moccasins
  5 hydra simulacra (IceCv)
  3 wargs
  10 wolves
  2 harpy simulacra (IceCv)
  2 phantoms
  A yellow wasp (D:14)
  7 black bears
  A swamp drake (Swamp:1)
  An ettin simulacrum (IceCv)
  5 sky beasts
  19 ogres
  35 orc warriors
  An orc zombie (D:14)
  A hill giant simulacrum (D:14)
  24 centaurs
  8 crocodiles
  32 giant frogs
  Blork the orc (D:6)
  4 big kobolds
  An eye of draining (D:14)
  A cyclops skeleton (D:9)
  A tengu zombie (D:15)
  6 scorpions
  13 killer bees
  10 electric eels
  An elephant simulacrum (IceCv)
  7 wights
  A hippogriff zombie (D:12)
  A tengu skeleton (D:14)
  5 crimson imps
  A goliath beetle (D:10)
  13 hounds
  5 jellies
  3 centaur zombies
  6 gnoll shamans
  4 draconian simulacra (IceCv)
  Crazy Yiuf (D:3)
  13 iguanas
  A kobold zombie (D:14)
  A two-headed ogre skeleton (D:8)
  A giant frog skeleton (D:12)
  42 orc priests
  45 orc wizards
  Natasha (thrice) (D:6)
  5 worker ants
  3 orange rats (Lair:6)
  A spriggan simulacrum (IceCv)
  4 sheep (D:9)
  6 troll simulacra (IceCv)
  A wolf simulacrum (IceCv)
  Ijyb (D:3)
  A mottled dragon skeleton (D:14)
  An ogre zombie (D:11)
  3 centaur simulacra (IceCv)
  A mummy (D:7)
  5 naga simulacra (IceCv)
  3 ogre simulacra (IceCv)
  6 gnolls
  A hound simulacrum (D:8)
  18 adders
  39 green rats
  A shadow imp (D:15)
  21 white imps
  3 giant mites
  A worker ant simulacrum (D:8)
  5 worms
  4 ufetubi
  An iguana zombie (D:9)
  An orc skeleton (D:7)
  192 orcs
  3 ball pythons
  2 giant cockroaches
  15 hobgoblins
  8 jackals
  10 quokkas
  20 bats
  10 giant geckos
  2 giant newts
  30 goblins
  A hobgoblin skeleton (D:5)
  27 kobolds
  14 rats
  A rat skeleton (D:4)
  A rat zombie (D:8)
1130 creatures vanquished.

Vanquished Creatures (collateral kills)
  3 death yaks (Lair:7)
  6 elephants
  An octopode (Lair:5)
  6 spiny frogs
  7 blink frogs
  A hippogriff (Lair:7)
  8 yaks
  5 wolves
  2 wargs
  3 porcupines
  9 vampire mosquitoes
  A swamp drake (D:8)
  A sky beast (D:5)
  5 orc warriors
  An ogre (D:7)
  A black bear (D:9)
  A centaur (D:9)
  2 crocodiles
  5 giant frogs
  A scorpion (D:10)
  2 killer bees (D:10)
  A hound (D:9)
  An orc priest (D:12)
  2 worker ants (D:10)
  A giant frog skeleton (D:5)
  5 orc wizards
  An orange rat (Lair:6)
  A sheep (D:9)
  5 wandering mushrooms
  2 adders
  14 green rats
  A white imp (D:8)
  14 orcs
  A hobgoblin (Orc:1)
  A jackal (D:5)
  2 quokkas (Lair:2)
  2 goblins
  4 toadstools
129 creatures vanquished.

Vanquished Creatures (others)
  An oklob plant (Lair:7)
  3 fire elementals
  47 wandering mushrooms
  An orc wizard (D:5)
  2 white imps
  An ufetubus (IceCv)
  3 orcs
  An orc zombie (D:6)
  17 fungi
  16 plants
  704 toadstools
796 creatures vanquished.

Grand Total: 2055 creatures vanquished
